 Dungeon Crawl Stone Soup version 0.29.1-12-g30fa7ad0bf (webtiles) character file.

Game seed: 9393761030264679260

1104 hawla the Chiller (level 8, -3/59 HPs)
             Began as a Meteoran Ice Elementalist on Jan 9, 2023.
             Slain by Menkaure (6 damage)
             ... on level 5 of the Dungeon.
             The game lasted 00:09:16 (1510 turns).

hawla the Chiller (Meteoran Ice Elementalist)       Turns: 1510, Time: 00:09:18

Health: -3/59      AC:  3    Str:  9    XL:     8   Next: 89%
Magic:  15/19      EV: 13    Int: 19    God:
Gold:   120        SH:  0    Dex: 15    Spells: 12/20 levels left

rFire   . . .      SeeInvis .   (no weapon)
rCold   . . .      Faith    .   (no shield)
rNeg    . . .      Spirit   .   a - +0 robe
rPois   .          Reflect  .   (no helmet)
rElec   .          Harm     .   (no cloak)
rCorr   .          Rampage  .   (no gloves)
Will    +....                   h - +0 pair of boots
Stlth   +.........              (no amulet)
HPRegen 0.19/turn               (no ring)
MPRegen 0.16/turn               (no ring)

@: brilliant, freezing walls, glowing
A: sense surroundings 1, otherworldly, glowing, explore regen
a: no special abilities


You were on level 5 of the Dungeon.
You visited 2 branches of the dungeon, and saw 6 of its levels.

You collected 120 gold pieces.

Inventory:

Armour
 a - a +0 robe (worn)
 e - a +2 robe of positive energy
 h - a +0 pair of boots (worn)
Wands
 f - a wand of roots (9)
Scrolls
 c - a scroll of butterflies {unknown}
 g - 2 scrolls of vulnerability {unknown}
 m - a scroll of immolation {unknown}
Potions
 k - a potion of resistance {unknown}
 l - a potion of curing {unknown}


   Skills:
 + Level 1.6 Fighting
 + Level 3.3 Dodging
 - Level 1.4 Stealth
 + Level 6.8 Spellcasting
 + Level 5.6 Conjurations
 + Level 7.3 Ice Magic
 + Level 2.0 Evocations


You had 12 spell levels left.
You knew the following spells:

 Your Spells              Type           Power      Damage    Failure   Level
a - Freeze                Ice            100%       1d11      1%          1
b - Frozen Ramparts       Ice            100%       1d16      1%          3
c - Hailstorm             Conj/Ice       46%        3d11      7%          4

Your spell library contained the following spells:

 Spells                   Type           Power      Damage    Failure   Level
 Ozocubu's Armour         Ice            51%        N/A       1%          3
 Metabolic Englaciation   Hex/Ice        15%        N/A       54%         5
 Petrify                  Tmut/Erth      9%         N/A       71%         4
 Statue Form              Tmut/Erth      6%         N/A       100%        6


Dungeon Overview and Level Annotations

Branches:
Dungeon (5/15) Zot: 1647   Temple (1/1) D:4 Zot: 441

Altars:
Dithmenos
Elyvilon
Fedhas
Gozag
Qazlal
Ru
Sif Muna
Trog
Xom

Annotations:
D:5 Menkaure


Innate Abilities, Weirdness & Mutations

You passively map a small area around you.
You are easily found by Zot.
You glow in the dark.
You regain HP and MP as you explore.


Message History

Press: ? - help, Shift-Dir - straight line, f - adder
Aim: an adder You freeze the adder!
The adder is severely wounded.
The adder seems to slow down.
The adder misses you. Menkaure closely misses you.
Casting: Freeze (safe; 1% risk of failure)
Confirm with . or Enter, or press ? or * to list all spells.
Casting: Frozen Ramparts (safe; 1% risk of failure)
Press: ? - help, Dir - look around, f - activate The walls around you are covered in ice.
The adder barely misses you.
The wall freezes Menkaure but does no damage.
Menkaure casts a spell.
Menkaure seems to speed up.
Casting: Frozen Ramparts (safe; 1% risk of failure)
Confirm with . or Enter, or press ? or * to list all spells.
Aiming: Freeze (safe; 1% risk of failure)
Press: ? - help, Shift-Dir - straight line, f - adder
Aim: an adder (severely wounded, slow)
You freeze the adder!
You kill the adder!
Menkaure resists.
The wall freezes Menkaure.
Menkaure barely misses you.
A scorpion comes into view.
You hit Menkaure.
Menkaure is lightly damaged.
Menkaure resists.
The wall freezes Menkaure.
Menkaure closely misses you.
You hit Menkaure.
Menkaure is moderately damaged.
The wall freezes Menkaure but does no damage.
Menkaure hits you!!
* * * LOW HITPOINT WARNING * * *
Unknown command.
It was a potion of brilliance.
You feel clever all of a sudden.
The wall freezes Menkaure but does no damage.
Menkaure barely misses you.
Menkaure resists.
The wall freezes Menkaure.
Menkaure giggles, "These cerements are ticklish..."
Menkaure hits you.
You die...

...##...##......<....?..
,,........##......†......#
* .............!..........
........................
*, ,
.........s.............. ,
.).......)....†.#....... *
.!..............#.......
,...?...............#...#
....?.......†@...###..
...#...$.(...M....... , *
.####..#.....#......., *
######..###...... #..
...... ##. ...... ##
,...... , ..... * , ,, ,


You could see Menkaure (fast) and a scorpion.

Vanquished Creatures
  Pikel (D:5)
  Eustachio (D:5)
  A bullfrog (D:5)
  A necrophage (D:5)
  A scorpion (D:4)
  A howler monkey (D:5)
  3 hounds (D:5)
  A jelly (D:5)
  2 iguanas
  3 adders
  3 gnolls (D:4)
  2 worms
  2 dart slugs (D:1)
  An orc (D:4)
  3 ball pythons
  8 endoplasms
  A giant cockroach (D:4)
  4 goblins
  3 hobgoblins
  5 kobolds
  2 quokkas
  2 bats (D:1)
  A frilled lizard (D:1)
  A rat (D:2)
53 creatures vanquished.

Vanquished Creatures (others)
  A hound (D:4)
  A dart slug (D:4)
  An orc (D:5)
  An endoplasm (D:4)
4 creatures vanquished.

Grand Total: 57 creatures vanquished

Notes
Turn   | Place    | Note
-------+----------+-------------------------------------------
     0 | D:1      | hawla the Meteoran Ice Elementalist began the quest for the
                  | Orb.
     0 | D:1      | Reached XP level 1. HP: 14/14 MP: 5/5
   229 | D:1      | Reached XP level 2. HP: 18/20 MP: 4/6
   331 | D:1      | Reached skill level 5 in Ice Magic
   351 | D:1      | Reached XP level 3. HP: 17/26 MP: 6/8
   358 | D:1      | Learned a level 3 spell: Frozen Ramparts
   688 | D:4      | Noticed a scorpion
   694 | D:4      | Killed a scorpion
   695 | D:4      | Reached XP level 4. HP: 22/33 MP: 2/11
   695 | D:4      | Reached XP level 5. HP: 25/38 MP: 2/12
   700 | D:4      | Learned a level 4 spell: Hailstorm
   707 | D:4      | Found a shimmering altar of Xom.
   728 | D:4      | Found a staircase to the Ecumenical Temple.
   810 | D:4      | Reached skill level 1 in Conjurations
   871 | Temple   | Entered the Ecumenical Temple
  1242 | D:4      | Reached XP level 6. HP: 20/45 MP: 5/13
  1297 | D:5      | Entered Level 5 of the Dungeon
  1325 | D:5      | Noticed a centaur
  1337 | D:5      | Reached skill level 5 in Conjurations
  1337 | D:5      | Reached XP level 7. HP: 34/50 MP: 7/14
  1367 | D:5      | Noticed Eustachio
  1378 | D:5      | Killed Eustachio
  1379 | D:5      | Reached skill level 6 in Ice Magic
  1383 | D:5      | Reached skill level 5 in Spellcasting
  1388 | D:5      | Noticed Pikel
  1448 | D:5      | Killed Pikel
  1449 | D:5      | Reached skill level 1 in Fighting
  1449 | D:5      | Reached skill level 7 in Ice Magic
  1449 | D:5      | Reached XP level 8. HP: 39/59 MP: 4/19
  1500 | D:5      | Noticed Menkaure
  1509 | D:5      | HP: 2/59 [Menkaure (24)]
  1510 | D:5      | Slain by Menkaure

Illustrated notes

Levels and vault maps discovered:
D:1:      scummos_arrival_gate, layout_loops_corners, fountainhead,
          minmay_misc_feat_doors
D:2:      layout_basic, chequers_serial_rivers_micro_b, minmay_3d_cube,
          uniq_natasha, uniq_crazy_yiuf_cottage, uniq_jessica
D:3:      layout_loops_corners, nemelex_dance_club_becter,
          cheibrodos_sewer_entry_bend, minmay_misc_feat_iff
D:4:      layout_rooms, xom_confusion_cloud, minmay_temple_entry_tees,
          st_stairs_10
D:5:      minmay_diamond_boxcup, layout_cave_pools, grunt_ministairs_15,
          kennysheep_windowed_goal, uniq_menkaure, uniq_pikel, uniq_eustachio
Temple:   hellmonk_temple_forest_ring

Skill      XL: |  1  2  3  4  5  6  7 |
---------------+----------------------+-----
Ice Magic      | 5 7 |  7.3
Spellcasting   | 4 6 |  6.8
Conjurations   | 3 5 |  5.6
Evocations     | 2 |  2.0
Fighting       | 1 |  1.6
Dodging        | 3 |  3.3
Stealth        | |  1.4

Action                   |  1- 3 |  4- 6 |  7- 9 || total
-------------------------+-------+-------+-------++-------
Melee: Unarmed           |    15 |     1 |    13 ||    29
 Cast: Freeze            |    34 |    25 |    14 ||    73
       Frozen Ramparts   |     4 |    12 |     5 ||    21
       Hailstorm         |       |       |     5 ||     5
  Use: Scroll            |     2 |     1 |     2 ||     5
       Potion            |       |     1 |     4 ||     5
Armor: Robe              |     3 |     8 |     7 ||    18
Dodge: Dodged            |    17 |    21 |    27 ||    65
